 Dungeon Crawl Stone Soup version 0.26-a0-597-gb535b0901c (webtiles) character file.

Game seed: 5174162617908740325

7 Lanoc the Sneak (level 2, -6/26 HPs)
             Began as a Ghoul Delver on Aug 28, 2020.
             Mangled by an ogre
             ... wielding a cursed -2 giant club
              (18 damage)
             ... on level 4 of the Dungeon.
             The game lasted 00:00:20 (95 turns).

Lanoc the Sneak (Ghoul Delver)                        Turns: 95, Time: 00:00:20

Health: -6/26      AC:  3    Str: 15    XL:     2   Next: 0%
Magic:  1/1        EV: 12    Int:  5    God:
Gold:   39         SH:  0    Dex: 10    Spells: 1/1 levels left

rFire    . . .     SeeInvis .   a - +0 falchion
rCold    + . .     Faith    .   (no shield)
rNeg     + + +     Spirit   .   b - +0 leather armour
rPois    ∞         Reflect  .   (no helmet)
rElec    .         Harm     .   (no cloak)
rCorr    .                      (no gloves)
MR       .....                  (no boots)
Stlth    +++.......             (no amulet)
HPRegen  0.00/turn              (no ring)
MPRegen  0.07/turn              (no ring)

@: no status effects
A: rotting body, claws 1, cold resistance 1, negative energy resistance 3,
inhibited regeneration, torment resistance, unbreathing
a: no special abilities


You were on level 4 of the Dungeon.
You visited 1 branch of the dungeon, and saw 2 of its levels.

You collected 39 gold pieces.

Inventory:

Hand Weapons
 a - a +0 falchion (weapon)
Armour
 b - a +0 leather armour (worn)
Wands
 g - a wand of digging (3)
Scrolls
 c - a scroll of fog
 d - a scroll of magic mapping
 e - a scroll of fear
 h - a scroll of immolation {unknown}
 i - a scroll of identify {unknown}
Potions
 f - a potion of haste


   Skills:
 + Level 3.5 Fighting
 - Level 1.7 Long Blades
 + Level 2.1 Dodging
 - Level 5.4 Stealth


You had one spell level left.
You didn't know any spells.
Your spell library was empty.

Dungeon Overview and Level Annotations

Branches:
Dungeon (5/15)
 Temple: D:4-7

Altars:


Innate Abilities, Weirdness & Mutations

Your body is rotting away.
You thrive by killing the living.
You are immune to poison.
You have sharp fingernails.
Your flesh is cold resistant. (rC+)
You are immune to negative energy. (rN+++)
You do not regenerate when monsters are visible.
You are immune to unholy pain and torment.
You can survive without breathing.


Message History

You hit the ogre but do no damage.
The ogre is moderately wounded.
The ogre barely misses you.
You slash the ogre!
The ogre is heavily wounded.
The ogre closely misses you.
You hit the ogre.
The ogre is heavily wounded.
The ogre misses you.
You hit the ogre.
The ogre is heavily wounded.
The ogre hits you with a cursed -2 giant club!
Ouch! That really hurt!
You hit the ogre but do no damage.
The ogre is heavily wounded.
You barely miss the ogre.
The ogre is heavily wounded.
The ogre hits you with a cursed -2 giant club!!
Ouch! That really hurt!
You die...

#............
#..........# ..#
#..........# ..#
#..........# #.#
##..........# #.#
...##+#.###### #.#
.............# #.# #
...##.###.##.###.#.#####
................@O......
....#.###.##.###.#.#####
....# # #.##.# #.# #
###.#.# #.##.. ...
###.#.###.######...
........#.# #...#
........#.# #...#
.).)....... ....#
........###


You could see an ogre.

Vanquished Creatures
  3 orcs (D:4)
  A frilled lizard (D:4)
4 creatures vanquished.

Notes
Turn   | Place    | Note
-------+----------+-------------------------------------------
     0 | D:5      | Lanoc the Ghoul Delver began the quest for the Orb.
     0 | D:5      | Reached XP level 1. HP: 19/19 MP: 0/0
    13 | D:5      | Noticed a worker ant
    38 | D:4      | Reached XP level 2. HP: 24/26 MP: 1/1
    84 | D:4      | Noticed an ogre
    95 | D:4      | Mangled by an ogre

Illustrated notes

Levels and vault maps discovered:
D:4:      layout_basic, nicolae_overflow_hidden_temple,
          fedhas_bush_and_centaur_altar, grunt_ministairs_15,
          minmay_misc_feat_diagonals
D:5:      minmay_skewed_foursquare, layout_basic, temple_fountains, trog_wizard,
          uniq_prince_ribbit1, uniq_grinder

Skill      XL: |  1 |
---------------+----+-----
Dodging        | 2 |  2.1
Fighting       | |  3.5
Long Blades    | |  1.7
Stealth        | |  5.4

Action                   || total
-------------------------++-------
Melee: Falchion          ||    19
 Stab: Sleeping          ||     1
Armor: Leather armour    ||     1
Dodge: Dodged            ||    11
       Rpst.: Falchion   ||     1

Table legend: (Time is in decaauts)
 A = Elapsed time spent in this place.
 B = Non-inter-level travel time spent in this place.
 C = Inter-level travel time spent in this place.
 D = Time resting spent in this place.
 E = Time spent auto-exploring this place.
 F = Levels seen in this place.
 G = Mean time per level.
                   A        B        C        D        E       F      G
               +--------+--------+--------+--------+--------+-----+--------+
         Total |     98 |     98 |      0 |      0 |     56 |   2 |   49.0 |
       Dungeon |     98 |     98 |      0 |      0 |     56 |   2 |   49.0 |
               +--------+--------+--------+--------+--------+-----+--------+

Top non-repeatable levels by time:
     D:4: 78 daAuts
     D:5: 20 daAuts
